 Dungeon Crawl Stone Soup version 0.29.0-5-ge4962eb29e (webtiles) character file.

Game seed: 14087966216601374927

538543 pdpol the Conqueror (level 24, -9/373 HPs)
             Began as a Minotaur Fighter on Aug 28, 2022.
             Was the Champion of Okawaru.
             Killed from afar by an orb of fire (13 damage)
             ... with a bolt of fire
             ... on level 5 of the Realm of Zot.
             The game lasted 01:41:51 (64790 turns).

pdpol the Conqueror (Minotaur Fighter)             Turns: 64790, Time: 01:41:52

Health: -9/373     AC: 45    Str: 38    XL:     24   Next: 66%
Magic:  31/31      EV: 16    Int:  7    God:    Okawaru [******]
Gold:   5727       SH: 28    Dex:  9    Spells: 23/23 levels left

rFire   + + .      SeeInvis +   S - +9 broad axe (vamp)
rCold   + . .      Faith    .   L - +3 tower shield {AC+3} {AC+3}
rNeg    + . .      Spirit   .   x - +6 gold dragon scales
rPois   +          Reflect  +   (helmet unavailable)
rElec   .          Harm     .   J - +2 cloak {rCorr}
rCorr   +          Rampage  +   l - +2 pair of gloves "Hophum" {Rampage rN+ Str+4 Int+2}
Will    +....                   a - +1 pair of boots
Stlth   ..........              G - amulet of reflection
HPRegen 0.72/turn               F - ring of Cixteov {rPois rF+ EV+4 Str+4 SInv}
MPRegen 0.22/turn               X - +4 ring of slaying

@: berserking (expiring), studying Throwing, very quick
A: horns 3, retaliatory headbutt, clumsy 2, no potion heal 1
}: 3/15 runes: decaying, serpentine, silver
a: Renounce Religion, Heroism, Finesse, Duel


You were on level 5 of the Realm of Zot.
You worshipped Okawaru.
Okawaru was exalted by your worship.
You visited 9 branches of the dungeon, and saw 45 of its levels.
You also visited: Gauntlet and Desolation.

You collected 7087 gold pieces.
You spent 1360 gold pieces at shops.

Inventory:

Hand Weapons
 S - a +9 vampiric broad axe (weapon)
Missiles
 g - 19 silver javelins
 u - 10 javelins (quivered)
 z - 8 throwing nets {=f}
 C - 15 curare-tipped darts
 I - 83 poisoned darts
 O - 21 boomerangs
 Q - 4 boomerangs of dispersal {=f}
Armour
 a - a +1 pair of boots (worn)
 c - a +1 pair of gloves of infusion
 i - +4 storm dragon scales {Bai Suzhen}
 l - the +2 pair of gloves "Hophum" (worn) {Rampage rN+ Str+4 Int+2}
   (You acquired it on level 4 of the Realm of Zot)

   Str:       It affects your strength (+4).
   Int:       It affects your intelligence (+2).
   rN:        It protects you from negative energy.
   Rampage:   It bestows one free step when moving towards enemies.
 x - +6 gold dragon scales (worn)
 J - a +2 cloak of preservation (worn)
 L - a +3 tower shield of protection (worn) {AC+3}
Jewellery
 q - a +4 ring of protection
 v - a ring of willpower
 F - the ring of Cixteov (left hand) {rPois rF+ EV+4 Str+4 SInv}
   (You took it off an ironbound preserver on level 5 of the Vaults)

   [ring of evasion]

   EV:        It affects your evasion (+4).
   Str:       It affects your strength (+4).
   rF:        It protects you from fire.
   rPois:     It protects you from poison.
   SInv:      It lets you see invisible.
 G - an amulet of reflection (around neck)
 H - a +6 ring of strength
 X - a +4 ring of slaying (right hand)
Wands
 f - a wand of flame (118)
 A - a wand of polymorph (32)
 B - a wand of roots (22)
 D - a wand of digging (14)
 R - a wand of mindburst (38)
 W - a wand of quicksilver (12)
 Z - a wand of paralysis (31)
Scrolls
 b - 5 scrolls of poison {!r}
 p - 9 scrolls of vulnerability {!r!r}
 t - 24 scrolls of teleportation
 y - 7 scrolls of fear
 K - 6 scrolls of silence
 N - a scroll of blinking {!r}
 P - 3 scrolls of magic mapping {!r}
 T - 8 scrolls of immolation {!r}
 Y - 4 scrolls of fog
Potions
 d - 5 potions of might
 h - 6 potions of attraction {!q}
 j - 7 potions of mutation {!q}
 k - a potion of invisibility
 m - 11 potions of brilliance
 n - 2 potions of ambrosia
 o - 7 potions of lignification {!q}
 r - 21 potions of curing
 s - 5 potions of berserk rage {!q}
 w - 4 potions of heal wounds
 E - 6 potions of haste
 M - a potion of magic
 U - 2 potions of resistance
 V - 3 potions of cancellation
Miscellaneous
 e - a condenser vane


   Skills:
 O Level 27 Fighting
 - Level 18.0 Axes
 - Level 12.0 Throwing
 * Level 23.7 Armour
 - Level 19.8 Dodging
 - Level 20.0 Shields
 - Level 12.0 Invocations
 - Level 12.0 Evocations


You had 23 spell levels left.
You didn't know any spells.
Your spell library contained the following spells:

 Spells                   Type           Power      Damage    Failure   Level
 Apportation              Tloc           0%         N/A       99%         1
 Freeze                   Ice            0%         1d3       99%         1
 Magic Dart               Conj           0%         1d3       99%         1
 Shock                    Conj/Air       0%         1d3       99%         1
 Sting                    Tmut/Pois      0%         1d3       99%         1
 Blink                    Tloc           0%         N/A       100%        2
 Ensorcelled Hibernation  Hex/Ice        0%         N/A       100%        2
 Passwall                 Tmut/Erth      0%         N/A       100%        2
 Poisonous Vapours        Pois/Air       0%         N/A       100%        2
 Searing Ray              Conj           0%         2d4       100%        2
 Static Discharge         Conj/Air       0%         3-3/arc   100%        2
 Sublimation of Blood     Necr           0%         N/A       100%        2
 Wereblood                Tmut           0%         N/A       100%        2
 Confusing Touch          Hex            0%         N/A       100%        3
 Dazzling Flash           Conj/Hex       0%         N/A       100%        3
 Frozen Ramparts          Ice            0%         1d1       100%        3
 Inner Flame              Hex/Fire       0%         N/A       100%        3
 Mephitic Cloud           Conj/Pois/Air  0%         N/A       100%        3
 Portal Projectile        Hex/Tloc       0%         N/A       100%        3
 Spider Form              Tmut/Pois      0%         N/A       100%        3
 Stone Arrow              Conj/Erth      0%         3d7       100%        3
 Swiftness                Air            0%         N/A       100%        3
 Airstrike                Air            0%         2d(0-16)  100%        4
 Anguish                  Hex/Necr       0%         N/A       100%        4
 Cause Fear               Hex            0%         N/A       100%        4
 Corpse Rot               Necr/Pois/Air  0%         N/A       100%        4
 Dispel Undead            Necr           0%         3d6       100%        4
 Fulminant Prism          Conj/Hex       0%         3d6       100%        4
 Hailstorm                Conj/Ice       0%         3d3       100%        4
 Ice Form                 Ice/Tmut       0%         N/A       100%        4
 Iskenderun's Mystic Bla  Conj/Tloc      0%         2d3       100%        4
 Leda's Liquefaction      Hex/Erth       0%         N/A       100%        4
 Olgreb's Toxic Radiance  Pois           0%         N/A       100%        4
 Sticky Flame             Conj/Fire      0%         2d3       100%        4
 Alistair's Intoxication  Tmut/Pois      0%         N/A       100%        5
 Blade Hands              Tmut           0%         N/A       100%        5
 Fireball                 Conj/Fire      0%         3d3       100%        5
 Freezing Cloud           Conj/Ice/Air   0%         6-21      100%        5
 Iskenderun's Battlesphe  Conj           0%         2d6       100%        5
 Lee's Rapid Deconstruct  Erth           0%         3d5*      100%        5
 Silence                  Hex/Air        0%         N/A       100%        5
 Conjure Ball Lightning   Conj/Air       0%         3x3d6     100%        6
 Dispersal                Tloc           0%         N/A       100%        6
 Eringya's Noxious Bog    Tmut/Pois      0%         N/A       100%        6
 Iron Shot                Conj/Erth      0%         9d1       100%        6
 Starburst                Conj/Fire      0%         6d3       100%        6
 Statue Form              Tmut/Erth      0%         N/A       100%        6
 Dragon Form              Tmut           0%         N/A       100%        7
 Orb of Destruction       Conj           0%         9d5       100%        7
 Disjunction              Tloc           0%         N/A       100%        8
 Ignition                 Fire           0%         3d3       100%        8
 Lehudib's Crystal Spear  Conj/Erth      0%         10d2      100%        8
 Chain Lightning          Conj/Air       0%         N/A       100%        9
 Fire Storm               Conj/Fire      0%         5d1       100%        9
 Shatter                  Erth           0%         3d5*      100%        9
 Call Imp                 Summ           Unusable   N/A       N/A         2
 Summon Guardian Golem    Hex/Summ       Unusable   N/A       N/A         3
 Tukima's Dance           Hex            Unusable   N/A       N/A         3
 Animate Armour           Summ/Erth      Unusable   N/A       N/A         4
 Summon Lightning Spire   Summ/Air       Unusable   N/A       N/A         4
 Summon Forest            Summ/Tloc      Unusable   N/A       N/A         5
 Summon Mana Viper        Hex/Summ       Unusable   N/A       N/A         5
 Simulacrum               Ice/Necr       Unusable   N/A       N/A         6
 Summon Hydra             Summ           Unusable   N/A       N/A         7
 Dragon's Call            Summ           Unusable   N/A       N/A         9

Dungeon Overview and Level Annotations

Branches:
Dungeon (15/15)            Temple (1/1) D:4            Lair (5/5) D:11
  Swamp (4/4) Lair:3        Snake (4/4) Lair:2        Slime (0/5) Lair:5
    Orc (2/2) D:11            Elf (0/3) Orc:2        Vaults (5/5) D:13
  Crypt (0/3) Vaults:2     Depths (4/4) D:15            Zot (5/5) Depths:4
Desolation (visited)      Gauntlet (visited)

Altars:
Dithmenos
Elyvilon
Fedhas
Gozag
Hepliaklqana
Makhleb
Nemelex Xobeh
Okawaru
Qazlal
Ru
Sif Muna
Trog
Uskayaw
Vehumet
Wu Jian
Xom
Yredelemnul
Zin
The Shining One
Jiyva

Shops:
D:4 *   D:10 (*   Orc:1 ((   Orc:2 *[=(   Snake:4 *   Vaults:3 !
Depths:4 :==?

Portals:
Hell: Depths:1 Depths:2 Depths:4
Pandemonium: Depths:2 Depths:4

Annotations:
D:2 1 runed translucent door, Crazy Yiuf
D:4 1 runed translucent door, jujuben's ghost, amateur DsWr
D:5 2 transporters, unrecovered's ghost, novice TrMo
D:13 dig
D:15 2 transporters, exclusion: 2 orange crystal statues, LustLizard's ghost, adept DjIE
Lair:5 1 runed translucent door
Swamp:1 1 runed translucent door, voltaire321's ghost, adept GnHu
Swamp:4 Mara
Snake:1 exclusion: 5 naga sharpshooters, Roxanne
Zot:1 exclusion: downstairs


Innate Abilities, Weirdness & Mutations

You have a pair of large horns on your head.
You reflexively headbutt those who attack you in melee.
You are very clumsy. (Dex -4)
Potions are less effective at restoring your health.


Message History

The Orb Guardian hits you but does no damage.
The Orb Guardian hits you!
The Orb Guardian hits you but does no damage.
The moth of wrath misses you. The moth of wrath bites you.
The moth of wrath infuriates you!
A red film seems to cover your vision as you go berserk!
You feel yourself moving faster!
You feel mighty!
You now have 135/373 hp.
Unknown command.
Okay, then.
Unknown command.
You struggle against the net.
The Orb Guardian hits you!!!
* * * LOW HITPOINT WARNING * * *
The Orb Guardian hits you!!
* * * LOW HITPOINT WARNING * * *
A Killer Klown comes into view. It is wielding a +8 club of flaming.
You take 66 damage, and have 69/373 hp.
Unknown command.
Unknown command.
You struggle against the net.
You feel a strong urge to attack something.
The Orb Guardian hits you!!!
* * * LOW HITPOINT WARNING * * *
The moth of wrath bites you but does no damage.
The moth of wrath closely misses you. You furiously retaliate!
You headbutt the moth of wrath!!
You take 36 damage, and have 33/373 hp.
You are too berserk!
You are too berserk!
Unknown command.
Unknown command.
You are too berserk!
Unknown command.
You are too berserk!
You rip the net and break free!
The Orb Guardian hits you!!
* * * LOW HITPOINT WARNING * * *
The orb of fire glows yellow.
The bolt of fire hits you! You resist.
You die...

..###########...###..^...........
.** ##...[##..^.......... **
###).[..)...........
#▓▓▓▓▓▓▓▓▓▓▓##....
▓▓▓▓.........).). *
##▓^.........)..... **
##............^..... ,* *********
#..............^...^
,***,,,,,,,**▓.y@X...............
,**,^,,,,,,,*▓.*XL...............
,*,,,,,,,,,,,▓*y.................
,,,,,,,0...ppp.......^.....^....^
,*,,,,,......▓^..................
,**,,,,.....▓▓...................
,***,,,....▓*▓........^.........,
,* ****▓▓▓▓* ▓................,,,
** ▓▓.............,,,,,


You could see 2 orbs of fire, 2 Killer Klowns, an ancient lich, 2 Orb Guardians
and 2 moths of wrath.

Vanquished Creatures
  2 dread liches (Zot:5)
  2 orbs of fire (Zot:5)
  4 ancient liches
  Sojobo (Vaults:3)
  Frederick (Vaults:2)
  A Killer Klown (Zot:5)
  Bai Suzhen (Arena)
  Xtahua (Vaults:3)
  3 curse toes
  3 golden dragons
  Nikola (Swamp:2)
  A golden dragon (shapeshifter) (Vaults:5)
  4 electric golems
  Mlioglotl (Snake:1)
  A walking crystal tome (Depths:2)
  Zenata (Arena)
  12 tentacled monstrosities
  4 liches
  Rupert (D:14)
  3 titans
  7 quicksilver dragons
  20 Orb Guardians (Zot:5)
  5 sphinxes
  Frances (Swamp:1)
  8 death cobs
  Donald (Vaults:2)
  8 storm dragons
  12 tengu reavers
  Gastronok (Orc:1)
  7 nagarajas
  A thorn hunter (Swamp:2)
  5 draconian monks
  11 shadow dragons
  A revenant (Vaults:2)
  2 draconian knights (Depths:4)
  A fenstrider witch (Swamp:1)
  3 draconian scorchers
  6 fire giants
  11 frost giants
  A ghost moth (Vaults:3)
  4 iron dragons
  An imperial myrmidon (Desolation)
  Louise (Swamp:1)
  2 deep elf sorcerers
  16 vault wardens
  9 draconian shifters
  5 orc warlords
  2 cacodemons
  3 ghouls (Swamp:4)
  9 very ugly things
  2 curse skulls (Zot:4)
  3 spriggan defenders
  4 war gargoyles
  4 draconian stormcallers
  19 ironbound preservers
  3 draconian annihilators (Zot:2)
  A vampire knight (Depths:4)
  6 ironbound thunderhulks
  18 stone giants
  8 green draconians
  3 eleionomae
  15 black draconians
  2 entropy weavers
  4 bunyips
  11 purple draconians
  Nessos (Lair:3)
  2 minotaurs
  6 yellow draconians
  A deep elf annihilator (Vaults:3)
  7 white draconians
  2 spark wasps (Depths:2)
  A halazid warlock (Desolation)
  A deep elf death mage (Vaults:3)
  A spark wasp (shapeshifter) (Vaults:5)
  4 dire elephants (Vaults:2)
  5 red draconians
  5 crystal guardians
  A blizzard demon (Depths:4)
  8 ragged hierophants
  17 yaktaur captains
  Josephine (D:11)
  12 fire dragons
  14 ettins
  The ghost of relicbr the Impaler, a journeyman MiGl of Okawaru (Lair:1)
  6 deep elf high priests
  Harold (D:11)
  3 rakshasas
  Fannar (D:10)
  22 hydras
  10 great orbs of eyes
  11 servants of whispers (Desolation)
  The ghost of Cicrooj the Protected, a journeyman DsFi of Ashenzari (D:11)
  8 ice dragons
  5 catoblepae (Lair:5)
  18 peacekeepers
  2 ghost crabs
  40 vault guards
  5 boulder beetles
  4 ironbound frosthearts
  Erica (D:11)
  4 ogre magi
  8 centaur warriors
  A salamander tyrant (Snake:4)
  Erolcha (D:13)
  9 spriggan air magi
  8 anacondas
  A radroach (shapeshifter) (Depths:4)
  10 alligators
  A jorogumo (shapeshifter) (Vaults:3)
  10 tengu warriors
  2 deep troll shamans (Depths:2)
  13 naga warriors
  6 two-headed ogres
  2 deep troll earth magi (Depths:2)
  14 death yaks
  3 spriggan berserkers
  2 hell knights (Depths:2)
  4 orc high priests (Orc:2)
  5 shock serpents
  A vampire mage (Depths:1)
  Urug (Orc:2)
  19 naga sharpshooters
  A soul eater (Depths:2)
  Amaemon (Lair:1)
  2 salamander mystics
  2 sixfirhies (Depths:2)
  Lodul (D:11)
  A sun demon (Depths:2)
  3 sea snakes (Snake:1)
  3 skeletal warriors (D:15)
  5 goliath frogs
  7 spriggan druids
  2 glowing orange brains
  39 deep trolls
  6 bog bodies
  9 lindwurms
  13 swamp dragons
  4 naga ritualists
  7 orc knights
  7 wizards
  4 phantasmal warriors
  29 ironbound convokers
  9 harpies
  8 mana vipers
  2 deep elf pyromancers (D:13)
  5 will-o-the-wisps
  4 oklob plants (Zot:4)
  A manticore (shapeshifter) (Vaults:3)
  23 ugly things
  2 manticores (Lair:5)
  4 orc sorcerers (Orc:2)
  10 cyclopes
  13 salamanders
  23 moths of wrath
  3 guardian serpents
  10 elephants
  An eye of devastation (Vaults:3)
  16 naga magi
  19 vault sentinels
  2 molten gargoyles (Desolation)
  33 black mambas
  3 orange demons
  5 smoke demons (Depths:2)
  An eye of devastation (shapeshifter) (D:15)
  A torpor snail (shapeshifter) (D:15)
  4 gargoyles
  A rime drake (Lair:1)
  10 cane toads
  A rime drake (shapeshifter) (Depths:4)
  A kobold demonologist (D:9)
  An unseen horror (D:10)
  An unseen horror (shapeshifter) (Vaults:5)
  2 hellwings
  4 freezing wraiths
  22 yaktaurs
  A yaktaur (shapeshifter) (Depths:2)
  11 komodo dragons
  2 tengu conjurers
  An efreet (D:13)
  6 tyrant leeches
  3 meliai (Gauntlet)
  6 trolls
  2 red devils (Depths:4)
  A bloated husk (Swamp:2)
  2 polar bears (Lair:5)
  13 hornets
  88 saltlings
  6 blink frogs
  Grinder (D:4)
  44 slime creatures
  A culicivora (shapeshifter) (Vaults:5)
  A flying skull (Vaults:2)
  A jumping spider (shapeshifter) (Vaults:3)
  4 water elementals
  Sigmund (D:3)
  2 vampires
  A spriggan (shapeshifter) (D:13)
  11 spriggans
  51 yaks
  A ynoxinul (Depths:4)
  5 wyverns
  5 wraiths
  Grum (Lair:1)
  3 basilisks (Lair:5)
  2 neqoxecs
  9 vampire mosquitoes
  2 steam dragons
  2 redbacks (Vaults:2)
  3 chaos spawn (Depths:4)
  8 wargs
  A redback (shapeshifter) (Vaults:1)
  3 acid dragons
  16 swamp worms
  29 nagas
  13 water moccasins
  A floating eye (shapeshifter) (Vaults:3)
  48 orc warriors
  2 ice beasts (D:6)
  9 swamp drakes
  A black bear (D:6)
  18 ogres
  17 wolves
  6 centaurs (D:12)
  A phantom (D:6)
  2 kobold brigands (D:6)
  12 bullfrogs
  3 gnoll sergeants
  5 scorpions
  4 wights (D:8)
  A hornet simulacrum (D:14)
  22 killer bees
  3 howler monkeys
  An electric eel (Snake:1)
  3 jellies
  2 hounds
  33 orc priests
  2 gnoll boudas
  6 iguanas
  Jessica (D:3)
  Natasha (thrice) (D:3)
  25 orc wizards
  10 hell rats
  2 lightning spires (Zot:4)
  Robin (D:2)
  8 adders
  11 gnolls
  2 shadow imps
  2 white imps
  2 ufetubi (D:6)
  3 worms
  2 dart slugs (D:2)
  92 orcs
  2 bats
  5 endoplasms
  A giant cockroach (D:2)
  9 goblins
  8 hobgoblins
  3 jackals (D:4)
  3 quokkas
  A ball python (D:2)
  3 frilled lizards
  16 kobolds
  10 rats
  3 briar patches (Swamp:2)
1852 creatures vanquished.

Vanquished Creatures (others)
  2 shadow dragons
  A storm dragon (Zot:1)
  An ironbound preserver (Vaults:4)
  A hydra (Swamp:2)
  2 naga sharpshooters
  An ironbound convoker (Vaults:3)
  A spriggan (Swamp:3)
  A yak (Lair:5)
  A hound (D:6)
  A demonic plant (D:3)
  28 foxfires
  27 fungi
  30 plants
  2 withered plants (D:3)
99 creatures vanquished.

Grand Total: 1951 creatures vanquished

Notes
Turn   | Place    | Note
-------+----------+-------------------------------------------
     0 | D:1      | pdpol the Minotaur Fighter began the quest for the Orb.
     0 | D:1      | Reached XP level 1. HP: 19/19 MP: 0/0
   235 | D:1      | Reached XP level 2. HP: 26/26 MP: 1/1
   662 | D:2      | Noticed Robin
   687 | D:1      | Reached XP level 3. HP: 6/31 MP: 2/2
  1141 | D:2      | Killed Robin
  1288 | D:2      | Reached skill level 5 in Axes
  1403 | D:2      | Reached XP level 4. HP: 39/39 MP: 3/3
  1782 | D:2      | Found a runed translucent door.
  1783 | D:2      | Noticed Crazy Yiuf
  1856 | D:3      | Noticed Natasha
  1863 | D:3      | Killed Natasha
  2008 | D:3      | Found a faded altar of an unknown god.
  2177 | D:3      | Noticed Natasha
  2181 | D:3      | Killed Natasha
  2182 | D:3      | Reached XP level 5. HP: 42/45 MP: 4/4
  2199 | D:3      | Noticed Natasha
  2207 | D:3      | Killed Natasha
  2265 | D:3      | Noticed Jessica
  2270 | D:3      | Killed Jessica
  2414 | D:3      | Noticed Sigmund
  2438 | D:3      | Killed Sigmund
  2439 | D:3      | Reached skill level 4 in Fighting
  2439 | D:3      | Reached XP level 6. HP: 42/52 MP: 5/5
  3046 | D:4      | Reached skill level 5 in Fighting
  3079 | D:4      | Found a staircase to the Ecumenical Temple.
  3099 | Temple   | Entered the Ecumenical Temple
  3225 | Temple   | Became a worshipper of Warmaster Okawaru
  3583 | D:4      | Found a runed translucent door.
  3584 | D:4      | Noticed jujuben's ghost (amateur DsWr)
  3615 | D:4      | Noticed Grinder
  3627 | D:4      | Killed Grinder
  3628 | D:4      | Reached XP level 7. HP: 40/61 MP: 6/6
  3844 | D:4      | Found Rorayl's General Store.
  4218 | D:5      | Entered Level 5 of the Dungeon
  4260 | D:5      | Found a radiant altar of Vehumet.
  4355 | D:5      | Reached * piety under Okawaru
  4519 | D:5      | Found a transporter.
  4519 | D:5      | Noticed unrecovered's ghost (novice TrMo)
  4554 | D:5      | Reached skill level 10 in Axes
  4606 | D:5      | Found a transporter.
  4706 | D:5      | You fall into a shaft and drop 2 floors!
  4738 | D:7      | Found a stormy altar of Qazlal.
  4738 | D:7      | Found a burning altar of Makhleb.
  4743 | D:7      | Found a basalt altar of Yredelemnul.
  4745 | D:7      | Found a faded altar of an unknown god.
  4746 | D:7      | Found a blossoming altar of Fedhas.
  4886 | D:7      | Reached XP level 8. HP: 67/68 MP: 9/9
  5014 | D:6      | Reached ** piety under Okawaru
  5028 | D:6      | Reached skill level 5 in Invocations
  5114 | D:6      | HP: 3/70 [steam dragon (2)]
  5116 | D:6      | Reached skill level 6 in Fighting
  5583 | D:6      | Reached skill level 7 in Fighting
  5624 | D:6      | Found a bloodstained altar of Trog.
  5797 | D:6      | Reached XP level 9. HP: 76/81 MP: 11/11
  5923 | D:5      | Reached skill level 8 in Fighting
  6174 | D:6      | Found a glowing golden altar of the Shining One.
  6721 | D:7      | Reached *** piety under Okawaru
  7153 | D:7      | Found a shadowy altar of Dithmenos.
  7374 | D:8      | Reached skill level 9 in Fighting
  7941 | D:8      | Reached skill level 10 in Fighting
  7951 | D:8      | Reached skill level 1 in Dodging
  7951 | D:8      | Reached **** piety under Okawaru
  7952 | D:8      | Reached skill level 5 in Armour
  7957 | D:8      | Reached XP level 10. HP: 45/93 MP: 10/12
  8434 | D:8      | Reached skill level 5 in Dodging
  8464 | D:8      | Reached skill level 1 in Evocations
  8723 | D:8      | Found the +7 staff of the Meek {protect, meekguard}
  9635 | D:9      | Noticed a two-headed ogre
  9645 | D:9      | Killed a two-headed ogre
  9645 | D:9      | Reached ***** piety under Okawaru
  9646 | D:9      | Reached skill level 5 in Evocations
 10011 | D:10     | Entered Level 10 of the Dungeon
 10306 | D:10     | Found a glowing silver altar of Zin.
 10350 | D:10     | Noticed a two-headed ogre
 10358 | D:10     | Killed a two-headed ogre
 10491 | D:10     | Reached XP level 11. HP: 87/99 MP: 13/13
 10701 | D:10     | Found Obrados's Elemental Accessories.
 10915 | D:10     | Identified the +1 scale mail of Pagyas {Regen+ Dex+2 SInv
                  | Stlth-} (Okawaru gifted it to you on level 10 of the
                  | Dungeon)
 10915 | D:10     | Received a gift from Okawaru
 11104 | D:10     | Noticed a two-headed ogre
 11109 | D:10     | Killed a two-headed ogre
 11423 | D:10     | Noticed Fannar
 11438 | D:10     | Killed Fannar
 11703 | D:10     | Found a sacrificial altar of Ru.
 11799 | D:10     | Found Vytad's Weapon Boutique.
 12176 | D:11     | Noticed a minotaur
 12176 | D:11     | Noticed Cicrooj's ghost (journeyman DsFi)
 12191 | D:11     | Noticed Erica
 12199 | D:11     | Killed Erica
 12334 | D:11     | Found a runed translucent gate.
 12334 | D:11     | Found a runed translucent gate.
 12334 | D:11     | Found a runed translucent gate.
 12358 | D:11     | Found a staircase to the Orcish Mines.
 12369 | D:11     | Found a gate leading to a gauntlet.
 12383 | Gauntlet | Entered a Gauntlet
 12383 | Gauntlet | Found a transporter.
 12383 | Gauntlet | Found a transporter.
 12394 | Gauntlet | Noticed a tengu warrior
 12491 | Gauntlet | Found a transporter.
 12506 | Gauntlet | Found a transporter.
 12520 | Gauntlet | Found the ring of the Mage {Wiz Archmagi}
 12522 | Gauntlet | Found a transporter.
 12534 | Gauntlet | Found a transporter.
 12536 | Gauntlet | Noticed a necromancer
 12609 | Gauntlet | Found a transporter.
 12610 | Gauntlet | Found a transporter.
 12619 | Gauntlet | Found a transporter.
 12627 | Gauntlet | Found a transporter.
 12629 | Gauntlet | Found a transporter.
 12629 | Gauntlet | Found a transporter.
 12662 | Gauntlet | Found a transporter.
 12682 | Gauntlet | Found a transporter.
 12727 | Gauntlet | Found a transporter.
 12733 | Gauntlet | Noticed a swamp dragon
 12743 | Gauntlet | Found a transporter.
 12750 | Gauntlet | Noticed a deep troll
 12750 | Gauntlet | a swamp dragon changed into a deep troll
 12769 | Gauntlet | Upgraded the game from 0.29.0-4-gdea44cf6ec to
                  | 0.29.0-5-ge4962eb29e
 12854 | Gauntlet | Killed a tengu warrior
 12855 | Gauntlet | Reached skill level 10 in Armour
 13098 | Gauntlet | Noticed a death drake
 13098 | Gauntlet | a guardian serpent changed into a death drake
 13115 | Gauntlet | a death drake changed into a faun
 13347 | Gauntlet | Noticed a two-headed ogre
 13348 | Gauntlet | Identified the ring of the Empire {Contam EV+4 Dex+6 SInv}
 13348 | Gauntlet | Noticed an ice dragon
 13349 | Gauntlet | an ice dragon changed into a tyrant leech
 13353 | Gauntlet | Noticed a steelbarb worm
 13353 | Gauntlet | a snapping turtle changed into a steelbarb worm
 13363 | Gauntlet | Noticed a radroach
 13364 | Gauntlet | Noticed a satyr
 13364 | Gauntlet | a radroach changed into a satyr
 13444 | Gauntlet | Noticed a minotaur
 13459 | Gauntlet | Killed a minotaur
 13467 | Gauntlet | Identified the +0 robe of Gluttony {Will++ Int+4}
 13467 | Gauntlet | Identified the +1 trident "Milul" {vorpal, Fragile rElec
                  | rF+++ Int-5}
 13692 | D:11     | Noticed Harold
 13692 | D:11     | Noticed Josephine
 13704 | D:11     | Killed Josephine
 13705 | D:11     | Reached XP level 12. HP: 104/106 MP: 14/14
 13721 | D:11     | Paralysed by Harold for 3 turns
 13726 | D:11     | Killed Harold
 13726 | D:11     | Identified the +9 glaive "Nuhug" {elec, rN+ SInv} (Okawaru
                  | gifted it to you on level 11 of the Dungeon)
 13726 | D:11     | Received a gift from Okawaru
 13727 | D:11     | Reached skill level 10 in Dodging
 13935 | D:11     | Noticed a boulder beetle
 13952 | D:11     | Killed a boulder beetle
 14271 | D:11     | Noticed Lodul
 14281 | D:11     | Killed Lodul
 14281 | D:11     | Noticed a death yak
 14286 | D:11     | Reached skill level 15 in Axes
 14286 | D:11     | Noticed a death yak
 14286 | D:11     | Noticed a death yak
 14324 | D:11     | Killed a death yak
 14325 | D:11     | Killed a death yak
 14600 | D:11     | Found a staircase to the Lair.
 14614 | D:11     | Killed a death yak
 15221 | Lair:1   | Entered Level 1 of the Lair of Beasts
 15221 | Lair:1   | Noticed Amaemon
 15224 | Lair:1   | Noticed Grum
 15235 | Lair:1   | Killed Amaemon
 15242 | Lair:1   | Identified the +4 buckler of an ice cave {rN+ Regen+ Int+4}
                  | (Okawaru gifted it to you on level 1 of the Lair of Beasts)
 15242 | Lair:1   | Received a gift from Okawaru
 15252 | Lair:1   | Killed Grum
 15678 | Lair:1   | Found a runed translucent gate.
 15678 | Lair:1   | Found a runed translucent gate.
 15678 | Lair:1   | Found a runed translucent gate.
 15679 | Lair:1   | Noticed a great orb of eyes
 15684 | Lair:1   | Noticed relicbr's ghost (journeyman MiGl)
 15698 | Lair:1   | Found a viscous altar of Jiyva.
 16241 | Lair:1   | Reached XP level 13. HP: 83/113 MP: 15/15
 16831 | Lair:2   | Reached skill level 11 in Fighting
 17628 | Lair:2   | Reached skill level 12 in Fighting
 17964 | Lair:2   | Found a staircase to the Snake Pit.
 18361 | Lair:3   | Found a staircase to the Swamp.
 18581 | Lair:3   | Noticed Nessos
 18591 | Lair:3   | Killed Nessos
 19020 | Lair:4   | Reached skill level 13 in Fighting
 19396 | Lair:4   | Got Qosat's Folio of Dislocated Bewitchment
 19517 | Lair:4   | Reached ****** piety under Okawaru
 19518 | Lair:4   | Reached skill level 14 in Fighting
 19603 | Lair:4   | Identified the +1 chain mail of Panentheism {Will+ Dex+6}
                  | (Okawaru gifted it to you on level 4 of the Lair of Beasts)
 19603 | Lair:4   | Received a gift from Okawaru
 19928 | Lair:4   | Identified the +5 whip of Nient {chaos, Will+}
 20427 | Lair:5   | Entered Level 5 of the Lair of Beasts
 20448 | Lair:5   | Reached skill level 15 in Fighting
 20929 | Lair:5   | Found a runed translucent door.
 20933 | Lair:5   | Found a staircase to the Slime Pits.
 20999 | Lair:5   | Reached XP level 14. HP: 132/135 MP: 18/18
 21442 | Lair:5   | Received a gift from Okawaru
 21837 | Lair:5   | Reached skill level 10 in Invocations
 21977 | Lair:5   | Identified the +4 battleaxe of Egomania {vorpal, rN+ Str+5
                  | Stlth-} (Okawaru gifted it to you on level 5 of the Lair of
                  | Beasts)
 21977 | Lair:5   | Received a gift from Okawaru
 22680 | Orc:1    | Entered Level 1 of the Orcish Mines
 22759 | Orc:1    | Noticed an orc warlord
 22779 | Orc:1    | Killed an orc warlord
 22820 | Orc:1    | Found Mocejon's Weapon Emporium.
 22826 | Orc:1    | Found Nefegad's Weapon Shop.
 23188 | Orc:1    | Noticed Gastronok
 23210 | Orc:1    | Killed Gastronok
 23382 | Orc:2    | Entered Level 2 of the Orcish Mines
 23388 | Orc:2    | Found a staircase to the Elven Halls.
 23838 | Orc:2    | Noticed Urug
 23845 | Orc:2    | Killed Urug
 24079 | Orc:2    | Noticed an orc warlord
 24111 | Orc:2    | Killed an orc warlord
 24111 | Orc:2    | Identified the +2 dire flail of Qikear {speed, +Blink}
                  | (Okawaru gifted it to you on level 2 of the Orcish Mines)
 24111 | Orc:2    | Received a gift from Okawaru
 24423 | Orc:2    | Noticed an orc warlord
 24444 | Orc:2    | Reached skill level 10 in Evocations
 24460 | Orc:2    | Killed an orc warlord
 24462 | Orc:2    | Reached XP level 15. HP: 126/141 MP: 21/21
 24637 | Orc:2    | Found Ruped's Antique Armour Boutique.
 24638 | Orc:2    | Found Yciaf's Antique Weapon Shop.
 24640 | Orc:2    | Found Rolu's General Store.
 24640 | Orc:2    | Found Veocsup's Jewellery Boutique.
 24764 | Orc:1    | Received a gift from Okawaru
 25010 | D:11     | Killed Cicrooj's ghost
 25384 | D:12     | Found a sparkling altar of Nemelex Xobeh.
 26230 | D:13     | Reached skill level 1 in Throwing
 26393 | D:13     | Noticed Erolcha
 26400 | D:13     | Killed Erolcha
 26665 | D:13     | Found a gate to the Vaults.
 26736 | D:13     | Reached skill level 5 in Throwing
 27119 | D:14     | Found a sacrificial altar of Ru.
 27125 | D:14     | Received a gift from Okawaru
 27145 | D:14     | Received a gift from Okawaru
 27220 | D:14     | Identified a scroll of acquirement
 27266 | D:14     | Acquired 483 gold pieces
 27475 | D:14     | Identified the +1 hat of Namu {+Inv rElec} (Okawaru gifted
                  | it to you on level 14 of the Dungeon)
 27475 | D:14     | Received a gift from Okawaru
 27716 | D:14     | Noticed Rupert
 27739 | D:14     | Killed Rupert
 27925 | D:15     | Entered Level 15 of the Dungeon
 27962 | D:15     | Found a white marble altar of Elyvilon.
 28217 | D:15     | Noticed a tengu reaver
 28271 | D:15     | Noticed LustLizard's ghost (adept DjIE)
 28451 | D:15     | Found a transporter.
 28475 | D:15     | Identified the +7 short sword "Tufuolepp" {spect, rPois rN+
                  | Will+}
 28512 | D:15     | Identified the +11 trident of Ebaidud {elec, *Slow rN++
                  | rCorr SInv}
 28703 | D:15     | Identified the +4 long sword of a bailey {pain, rElec Int+3
                  | Dex+2}
 28853 | D:15     | Found a staircase to the Depths.
 28901 | D:15     | Found a transporter.
 29171 | Orc:2    | Bought a +4 ring of protection for 504 gold pieces
 29319 | Snake:1  | Entered Level 1 of the Snake Pit
 29387 | Snake:1  | Reached skill level 10 in Throwing
 29398 | Snake:1  | Reached XP level 16. HP: 146/149 MP: 22/22
 29537 | Snake:1  | Noticed Mlioglotl
 29552 | Snake:1  | Killed Mlioglotl
 29624 | Snake:1  | Identified the +2 falchion "Cichaos" {vorpal, MP+9}
 29777 | Snake:1  | Received a gift from Okawaru
 30053 | Snake:1  | Received a gift from Okawaru
 30334 | Snake:1  | Identified Roxanne's Codex of Evolution
 30334 | Snake:1  | Noticed Roxanne
 31124 | Snake:2  | Reached skill level 16 in Fighting
 32586 | Snake:2  | You fall into a shaft and drop 1 floor!
 32615 | Snake:3  | Reached skill level 17 in Fighting
 33299 | Snake:3  | Identified the +6 scale mail of Lifelessness {rElec Dex+2
                  | Slay+2} (Okawaru gifted it to you on level 3 of the Snake
                  | Pit)
 33299 | Snake:3  | Received a gift from Okawaru
 33551 | Snake:3  | Reached skill level 18 in Fighting
 33985 | Snake:4  | Entered Level 4 of the Snake Pit
 34187 | Snake:4  | Reached skill level 19 in Fighting
 34347 | Snake:4  | Reached XP level 17. HP: 127/168 MP: 2/23
 34667 | Snake:4  | Found Leureg's General Store.
 34954 | Snake:4  | Reached skill level 20 in Fighting
 34963 | Snake:4  | Received a gift from Okawaru
 34971 | Snake:4  | Reached skill level 5 in Shields
 35414 | Snake:4  | Received a gift from Okawaru
 35464 | Snake:4  | Got a serpentine rune of Zot
 35739 | Swamp:1  | Entered Level 1 of the Swamp
 36148 | Swamp:1  | Found a runed translucent door.
 36150 | Swamp:1  | Found a shimmering altar of Xom.
 36150 | Swamp:1  | Noticed voltaire321's ghost (adept GnHu)
 36213 | Swamp:1  | HP: 4/170 [alligator[a spriggan druid] (15)]
 36217 | Arena    | Entered the Arena
 36848 | Swamp:1  | Reached skill level 10 in Shields
 36856 | Swamp:1  | Identified the +0 tower shield of the Well-Known Lies
                  | {Will+ Regen+}
 36856 | Swamp:1  | Noticed Louise
 36883 | Swamp:1  | Killed Louise
 36912 | Swamp:1  | Noticed Frances
 36953 | Swamp:1  | Killed Frances
 37130 | Swamp:1  | Got Sif Muna's Spellbook of Shaping
 37418 | Swamp:2  | Received a gift from Okawaru
 37889 | Swamp:2  | Received a gift from Okawaru
 37967 | Swamp:2  | Noticed Nikola
 37988 | Swamp:2  | Killed Nikola
 39343 | Swamp:4  | Entered Level 4 of the Swamp
 39394 | Swamp:4  | Received a gift from Okawaru
 39733 | Swamp:4  | Reached XP level 18. HP: 178/178 MP: 24/24
 39765 | Swamp:4  | Received a gift from Okawaru
 39838 | Swamp:4  | Received a gift from Okawaru
 39864 | Swamp:4  | Reached skill level 15 in Shields
 39936 | Swamp:4  | Received a gift from Okawaru
 40262 | Swamp:4  | Got a decaying rune of Zot
 40347 | Swamp:4  | Noticed Mara
 40351 | Swamp:4  | Noticed pdpol's illusion
 40829 | Vaults:1 | Entered Level 1 of the Vaults
 40879 | Vaults:1 | Received a gift from Okawaru
 40902 | Vaults:1 | Received a gift from Okawaru
 41722 | Vaults:1 | Identified the +2 cloak of Lilacs {Fly rPois rN+ Dex-2}
 41727 | Vaults:1 | Noticed Zenata
 41731 | Arena    | Entered the Arena
 41750 | Arena    | Killed Zenata
 42618 | Vaults:2 | Noticed Donald
 42627 | Vaults:2 | Killed Donald
 42993 | Vaults:2 | Noticed Frederick
 43020 | Vaults:2 | Killed Frederick
 43021 | Vaults:2 | Reached skill level 21 in Fighting
 43076 | Vaults:2 | Reached XP level 19. HP: 99/189 MP: 25/25
 43155 | Vaults:2 | Received a gift from Okawaru
 43230 | Vaults:2 | Noticed Bai Suzhen
 43241 | Arena    | Entered the Arena
 43248 | Arena    | Killed Bai Suzhen
 43774 | Vaults:2 | Found a staircase to the Crypt.
 43795 | Vaults:2 | Received a gift from Okawaru
 44059 | Vaults:2 | Identified the +0 plate armour of Leheprud {+Inv Dex+3}
 44160 | Vaults:2 | Identified the +1 scale mail "Momaqick" {rF+ Dex+4}
 44590 | Vaults:3 | Found a crumbling gateway.
 44616 | Desolati | Entered the Desolation of Salt
 45135 | Desolati | Identified the +4 ring mail of Wuonooxy {rF+ Slay+3}
                  | (Okawaru gifted it to you in the Desolation of Salt)
 45135 | Desolati | Received a gift from Okawaru
 45161 | Desolati | Identified the +1 sling of a Million Teeth {flame, rC+ MP+9
                  | Int-3}
 45162 | Desolati | Identified the +8 shortbow "Pofourab" {speed, Will+++
                  | Dex+3}
 45172 | Desolati | Identified the +0 scale mail of the Lich-sworn {rC++ rN+
                  | rCorr Int-5}
 45177 | Desolati | Identified the +1 chain mail "Iceuwypn" {rElec rC+ rN+++
                  | Will-}
 45187 | Desolati | Got the Octavo of Flinty Toxins
 45205 | Desolati | Reached skill level 22 in Fighting
 45693 | Desolati | Got the Disquisition on Turbulent Kindling
 45709 | Desolati | Identified the +6 rapier of Ceteet {pain, Int+4 Dex+2}
 45711 | Desolati | Identified the ring "Igevujo" {Ice Int+3}
 46137 | Desolati | Reached skill level 15 in Armour
 46555 | Desolati | Identified the ring "Vanuet" {MP+9 Str+3 SInv}
 46575 | Desolati | Got Ymileuna's Compilation of Captivating Earth
 46700 | Vaults:3 | Noticed Sojobo
 46722 | Vaults:3 | Received a gift from Okawaru
 46737 | Vaults:3 | Killed Sojobo
 46737 | Vaults:3 | Received a gift from Okawaru
 46738 | Vaults:3 | Reached XP level 20. HP: 161/202 MP: 21/26
 46926 | Vaults:3 | Found Jumyv's Distillery.
 46968 | Vaults:3 | Bought a potion of might for 72 gold pieces
 46968 | Vaults:3 | Bought a potion of heal wounds for 90 gold pieces
 46968 | Vaults:3 | Bought a potion of heal wounds for 90 gold pieces
 46968 | Vaults:3 | Bought a potion of curing for 54 gold pieces
 47228 | Vaults:3 | Reached skill level 23 in Fighting
 47236 | Vaults:3 | Noticed Xtahua
 47279 | Vaults:3 | Reached skill level 15 in Dodging
 47284 | Vaults:3 | Paralysed by Xtahua for 2 turns
 47294 | Vaults:3 | Killed Xtahua
 47528 | Vaults:3 | Received a gift from Okawaru
 47665 | Vaults:3 | Identified the +12 morningstar of Tortfeasance {drain, rF+
                  | rCorr Str-5}
 48407 | Vaults:4 | Paralysed by a great orb of eyes for 5 turns
 48743 | Vaults:4 | Reached skill level 24 in Fighting
 48953 | Vaults:4 | Paralysed by a great orb of eyes for 4 turns
 49906 | Vaults:4 | Reached XP level 21. HP: 199/209 MP: 21/27
 50391 | Depths:1 | Entered Level 1 of the Depths
 50587 | Lair:1   | Killed relicbr's ghost
 50983 | Depths:1 | Received a gift from Okawaru
 51770 | Depths:2 | Noticed a golden dragon
 51783 | Depths:2 | Killed a golden dragon
 52361 | Depths:2 | Received a gift from Okawaru
 52366 | Depths:2 | Found a one-way gate leading to the halls of Pandemonium.
 52377 | Depths:2 | Gained mutation: You have a pair of large horns on your
                  | head. [a neqoxec]
 52683 | Depths:2 | Found a gateway to Hell.
 53027 | Depths:4 | Entered Level 4 of the Depths
 53257 | Depths:3 | Got the Incunabulum of the Welkin and Transfiguration
 53270 | Depths:2 | Identified the +9 quarterstaff of Dunibla {flame, rC+}
 53805 | Depths:4 | Identified the +1 ring mail of the Endless Lies {Dex+3}
                  | (Okawaru gifted it to you on level 4 of the Depths)
 53805 | Depths:4 | Received a gift from Okawaru
 54093 | Depths:4 | Found a gate to the Realm of Zot.
 54257 | Depths:4 | Found Tank's Magic Scroll Emporium.
 54450 | Depths:4 | Bought a scroll of silence for 190 gold pieces
 54450 | Depths:4 | Bought a scroll of enchant armour for 150 gold pieces
 54450 | Depths:4 | Bought a scroll of teleportation for 60 gold pieces
 54450 | Depths:4 | Bought a scroll of enchant armour for 150 gold pieces
 54931 | Depths:4 | Found Seikh's Book Boutique.
 54931 | Depths:4 | Found Jeekaem's Jewellery Shoppe.
 54932 | Depths:4 | Found Kiczijig's Jewellery Shoppe.
 55088 | Depths:4 | Reached XP level 22. HP: 194/224 MP: 20/30
 55497 | Vaults:5 | Entered Level 5 of the Vaults
 55668 | Vaults:5 | Reached skill level 25 in Fighting
 55708 | Vaults:5 | Identified the +6 scale mail of the Moon {+Blink rPois
                  | Will+} (Okawaru gifted it to you on level 5 of the Vaults)
 55708 | Vaults:5 | Received a gift from Okawaru
 55726 | Vaults:5 | Identified the +9 dagger of Pride {freeze, rElec Int+2}
 56228 | Vaults:5 | Noticed a caustic shrike
 56235 | Vaults:5 | Noticed a golden dragon
 56235 | Vaults:5 | a caustic shrike changed into a golden dragon
 56240 | Vaults:5 | Killed a golden dragon
 56391 | Vaults:5 | Identified the +12 mace "Conservator" {vorpal, Str+3}
 56391 | Vaults:5 | Identified the ring of Cixteov {rPois rF+ EV+4 Str+4 SInv}
 56648 | Vaults:5 | Reached skill level 26 in Fighting
 56709 | Vaults:5 | Identified the +0 hand axe of Joir {freeze, rN+ rCorr
                  | Dex-3}
 56713 | Vaults:5 | Identified the +6 war axe of Jivvob {vorpal, Fragile rF+
                  | rN+}
 57059 | Depths:1 | Received a gift from Okawaru
 58184 | Vaults:5 | Got a silver rune of Zot
 58522 | Zot:1    | Entered Level 1 of the Realm of Zot
 58616 | Zot:1    | Noticed a golden dragon
 58626 | Zot:1    | Killed a golden dragon
 58719 | Zot:1    | Reached XP level 23. HP: 219/237 MP: 22/31
 58815 | Zot:2    | Noticed a curse toe
 59180 | Zot:2    | Killed a curse toe
 59180 | Zot:2    | Received a gift from Okawaru
 60414 | Zot:2    | Received a gift from Okawaru
 60447 | Zot:1    | Noticed a curse toe
 60550 | Zot:1    | Killed a curse toe
 60550 | Zot:1    | Received a gift from Okawaru
 60852 | Zot:1    | Reached skill level 27 in Fighting
 61700 | Zot:3    | Noticed an ancient lich
 61701 | Zot:3    | Noticed an ancient lich
 61913 | Zot:3    | Noticed a curse toe
 62069 | Zot:3    | Killed a curse toe
 62308 | Zot:3    | Killed an ancient lich
 62320 | Zot:3    | Killed an ancient lich
 62342 | Zot:3    | Received a gift from Okawaru
 62513 | Zot:3    | Acquired a manual of Throwing
 62773 | Zot:4    | Received a gift from Okawaru
 62942 | Zot:3    | Reached XP level 24. HP: 209/249 MP: 0/31
 63529 | Zot:4    | Acquired the +2 pair of gloves "Hophum" {Rampage rN+ Str+4
                  | Int+2}
 63664 | Zot:5    | Entered Level 5 of the Realm of Zot
 63712 | Zot:5    | Identified the +0 ring mail of Dim Light {Str+2}
 64197 | Zot:5    | Noticed a dread lich
 64205 | Zot:5    | Killed a dread lich
 64220 | Zot:5    | Noticed a dread lich
 64227 | Zot:5    | Noticed an orb of fire
 64233 | Zot:5    | Killed a dread lich
 64234 | Zot:5    | Gained mutation: You are clumsy. (Dex -2) [an orb of fire]
 64235 | Zot:5    | Gained mutation: You are very clumsy. (Dex -4) [an orb of
                  | fire]
 64249 | Zot:5    | Killed an orb of fire
 64258 | Zot:5    | Noticed a Killer Klown
 64260 | Zot:5    | Noticed an orb of fire
 64273 | Zot:5    | Gained mutation: Potions are less effective at restoring
                  | your health. [an orb of fire]
 64276 | Zot:5    | Killed an orb of fire
 64276 | Zot:5    | Received a gift from Okawaru
 64297 | Zot:5    | Killed a Killer Klown
 64473 | Zot:5    | Noticed an ancient lich
 64473 | Zot:5    | Noticed an ancient lich
 64496 | Zot:5    | Killed an ancient lich
 64496 | Zot:5    | Received a gift from Okawaru
 64506 | Zot:5    | Killed an ancient lich
 64784 | Zot:5    | Noticed a Killer Klown
 64784 | Zot:5    | Noticed an orb of fire
 64784 | Zot:5    | Noticed an ancient lich
 64787 | Zot:5    | Noticed an orb of fire
 64788 | Zot:5    | Noticed a Killer Klown
 64790 | Zot:5    | HP: 4/373 [Orb Guardian (30)]
 64790 | Zot:5    | Killed from afar by an orb of fire

Illustrated notes

Levels and vault maps discovered:
D:1:      heliophobic_arrival_henge, layout_rooms
D:2:      layout_rooms, nicolae_kite_square_tiling_tiny, st_stairs_5,
          uniq_robin, uniq_crazy_yiuf_cottage
D:3:      layout_loops_ring, shapermc_ecumenical_altar_gd, serial_rivers,
          chequers_serial_rivers_small_b, chequers_serial_rivers_large_b,
          chequers_serial_rivers_large_a, chequers_serial_rivers_small_a,
          chequers_serial_rivers_micro_d, chequers_serial_rivers_room_a,
          uniq_natasha, uniq_jessica, uniq_sigmund
D:4:      layout_basic, temple_hall, serial_shops, shop_statue,
          gammafunk_ghost_grave, st_stairs_12, uniq_grinder
D:5:      layout_gridville, mainiacjoe_overflow_catwalk, gammafunk_ghost_arena
D:6:      minmay_skewed_foursquare, layout_basic,
          mainiacjoe_overflow_small_starburst, mainiacjoe_overflow_chevrons,
          minmay_misc_feat_rugged
D:7:      layout_rooms, grunt_dithmenos_smoke_and_mirrors,
          nicolae_overflow_hidden_temple, chequers_temple_overflow_minitemple
D:8:      layout_gridville, pf_guarded_unrand_meek
D:9:      layout_stronghold, minivault_24, bh_walls_and_bars
D:10:     minmay_s_stair_smasher, layout_gridville, zin_treasury,
          mainiacjoe_overflow_tiny_flanked, serial_glass, glass_columns_a,
          glass_columns_b, glass_columns_b, glass_columns_b, glass_columns_b,
          glass_columns_a, glass_columns_b, glass_columns_a, feat_on_display,
          item_on_display_a, serial_shops, shop, nicolae_elemental_shop,
          uniq_fannar
D:11:     layout_roguey [special_room_orc], dpeg_lair_monsters, orc_0_dummy,
          gauntlet_entry_generic, maelrawn_ghost_gauntlet_escape, uniq_erica,
          uniq_harold, uniq_lodul, uniq_josephine
D:12:     layout_gridville, grunt_decor_arrowhead, nemelex_diamond_rough_becter
D:13:     layout_irregular_city, skrybe_vaults_entry_preservation,
          chequers_decorated_corner, minivault_11,
          nicolae_straight_to_the_point, uniq_erolcha
D:14:     layout_basic, nicolae_ru_sacrificial_ziggurat, uniq_rupert
D:15:     gammafunk_enter_depths_forms, layout_rooms, nzn_ghost_randoct,
          elyvilon_altar_5
Temple:   grunt_temple_mini_profane
Lair:1:   layout_gridlike, serial_rivers, chequers_serial_rivers_micro_a,
          chequers_serial_rivers_small_b, chequers_serial_rivers_micro_e,
          chequers_serial_rivers_micro_a, chequers_serial_rivers_small_a,
          gammafunk_ghost_ooze, infiniplex_staircase_pool, lemuel_fruit_tree,
          uniq_grum, uniq_amaemon
Lair:2:   layout_regular_city, minmay_snake_entry_guardpost_medium,
          serial_bayou_shore_b, infiniplex_staircase_pool_2
Lair:3:   layout_gridlike, skrybe_swamp_entry_bodies, uniq_nessos
Lair:4:   layout_gridlike, grunt_megastairs_2
Lair:5:   evilmike_catoblepas_cave, layout_regular_city, slime_entry_2
Swamp:1:  layout_falls_marsh, ebering_ghost_xom,
          nicolae_swamp_feature_on_the_river_bank, uniq_louise, uniq_frances
Swamp:2:  layout_falls_marsh, evilmike_swamp_ruin_rubble_2, swamp_pool2,
          uniq_nikola
Swamp:3:  layout_basic_swamp, serial_swamp_ruin, evilmike_swamp_ruin_house_6,
          evilmike_swamp_ruin_house_2, evilmike_swamp_ruin_house_4, swamp_pool4
Swamp:4:  swamp, layout_basic_swamp, uniq_mara
Snake:1:  nicolae_snake_shooting_gallery, layout_onion_interference,
          uniq_mlioglotl, uniq_roxanne
Snake:2:  layout_onion, drop_trap
Snake:3:  layout_cave_pods
Snake:4:  snake_pit, layout_cave_town, serial_shops, shop, grunt_megastairs_5
Orc:1:    layout_diamond_mine, basic_altar, serial_shops, shop, shop_statue,
          uniq_gastronok
Orc:2:    st_orc_congregation, layout_diamond_mine, basic_altar, uniq_urug
Vaults:1: ontoclasm_vaults_decontamination, v_rooms_6, nicolae_vaults_alarming,
          hangedman_vaults_impose, hangedman_vaults_slither, v_misc_24,
          grunt_vaults_focal, vaults_room_door_ring, v_misc_5,
          hangedman_vaults_capsules, grunt_vaults_twisty,
          layout_vaults_omnicross, uniq_zenata
Vaults:2: nicolae_vaults_network_quinsquares
          [nicolae_vaults_network_quincunx_subvault,
          nicolae_vaults_network_quincunx_subvault,
          nicolae_vaults_network_quincunx_subvault,
          nicolae_vaults_network_quincunx_subvault],
          minmay_crypt_entry_simple_round, hangedman_vaults_trim, v_misc_13,
          vaults_room_hangedman_quadrants, layout_vaults_omnigrid, uniq_donald,
          uniq_frederick, uniq_bai_suzhen
Vaults:3: portal_desolation_entry_nicolae_nacl, ontoclasm_vaults_pinch,
          st_greater_box_2, hangedman_vaults_cutoff, grunt_vaults_bifocal,
          ontoclasm_vaults_ring_large, v_alt_pattern_1, v_alt_pattern_4,
          v_misc_1, vaults_room_mumra_shop_pool, v_misc_12,
          hangedman_vaults_stagger, ontoclasm_vaults_ligature,
          layout_vaults_omnibox, uniq_sojobo, uniq_xtahua
Vaults:4: nicolae_vaults_diagonal_hallway_9, ontoclasm_vaults_tryst, v_misc_22,
          nicolae_vaults_network_periphery, vaults_mumra_lcd,
          nicolae_vaults_stairing_the_circle, nicolae_vaults_triangles,
          hangedman_vaults_nails, v_misc_5, nicolae_vaults_little_squares_3,
          nicolae_vaults_little_ls, st_cross, vaults_dpeg_encased_lava,
          nicolae_vaults_little_squares_3, layout_vaults_maze
Vaults:5
Depths:1: layout_twisted_cross, hell_entry, serial_shops, shop,
          vehumet_crystals, nicolae_trove_entry_columns,
          serial_sigils_hangedman_gnaw, nicolae_yredelemnul_corpse_copse
Depths:2: nzn_winding_woodlands_medium [nzn_winding_woodlands_hourglass,
          nzn_winding_woodlands_5x15_sidewinder,
          nzn_winding_woodlands_5x5_perimeter, nzn_winding_woodlands_5x5_cross,
          nzn_winding_woodlands_center_pierced_h,
          nzn_winding_woodlands_5x5_open_star,
          nzn_winding_woodlands_5x5_closed_star,
          nzn_winding_woodlands_5x15_pool, nzn_winding_woodlands_5x5_three],
          layout_cave_pools, hellmouth_1, grunt_pan_entry_in_and_out,
          hangedman_corner_corridor, firewood_loft,
          minmay_staircase_windowed_small
Depths:3: minmay_the_grid_ultimate [minmay_the_grid_prize_diamond_cup,
          minmay_the_grid_prize_trominoes, minmay_the_grid_prize_inner_circle,
          minmay_the_grid_prize_trominoes, minmay_the_grid_square_5x5_trominoes,
          minmay_the_grid_square_5x5_shrine2,
          minmay_the_grid_square_5x5_percent, minmay_the_grid_square_5x5_forky,
          minmay_the_grid_square_5x5_corner, minmay_the_grid_square_5x5_three,
          minmay_the_grid_square_5x5_longway,
          minmay_the_grid_square_5x5_sharp_hourglass,
          minmay_the_grid_square_5x5_minivault,
          minmay_the_grid_square_5x5_lines, minmay_the_grid_square_5x5_tie,
          minmay_the_grid_square_5x5_empty,
          minmay_the_grid_square_5x5_tetrominoes,
          minmay_the_grid_square_5x5_hollow_slash,
          minmay_the_grid_square_5x5_two_walls_b,
          minmay_the_grid_triangle_9x9_checkered,
          minmay_the_grid_triangle_9x9_subtriangle,
          minmay_the_grid_triangle_9x9_descending_squares,
          minmay_the_grid_triangle_9x9_steps,
          minmay_the_grid_triangle_9x9_warning,
          minmay_the_grid_triangle_9x9_alien,
          minmay_the_grid_triangle_9x9_swiss_cheese,
          minmay_the_grid_triangle_9x9_intruding_spiral,
          minmay_the_grid_triangle_9x9_limited_checkers,
          minmay_the_grid_triangle_9x9_tough_junction,
          minmay_the_grid_triangle_9x9_corruption,
          minmay_the_grid_triangle_9x9_thin_v,
          minmay_the_grid_triangle_9x9_flanged_cone,
          minmay_the_grid_triangle_9x9_cache,
          minmay_the_grid_triangle_9x9_empty,
          minmay_the_grid_triangle_9x9_shrine,
          minmay_the_grid_square_5x5_tri_point, minmay_the_grid_octo_fan_narrow,
          minmay_the_grid_octo_thin_diamonds, minmay_the_grid_octo_checkered,
          minmay_the_grid_octo_fat_diamond, minmay_the_grid_octo_clover,
          minmay_the_grid_octo_teeth, minmay_the_grid_octo_vomiting_pacman,
          minmay_the_grid_octo_odd_swirl, minmay_the_grid_minigrid_large,
          minmay_the_grid_spikes, minmay_the_grid_large_cup,
          minmay_the_grid_box_x], abyss_entry, hell_entry
Depths:4: evilmike_zot_entry_hall, layout_gridlike, eino_curves_01,
          serial_shops, nicolae_shop_crystal, grunt_pan_entry_zigzag,
          hangedman_coc_ice_floe, minmay_shop_grove
Zot:1:    lemuel_draconian_sentries_small, layout_gridlike,
          hangedman_elemental_grid_stream
Zot:2:    grunt_twist_and_shout, layout_onion
Zot:3:    hangedman_zot_vaults_quadrants, layout_cathedral_of_symmetry,
          serial_nicolae_subway, nicolae_sub_station_crystal,
          nicolae_sub_station_stone, nicolae_sub_station_metal
Zot:4:    evilmike_crystal_ball_defense, layout_basic
Zot:5:    layout_concentric_octagons, nicolae_zot_crop_circle

Skill      XL: |  1  2  3  4  5  6  7  8  9 10 11 12 13 14 15 16 17 18 19 20 21 22 23 24 |
---------------+-------------------------------------------------------------------------+-----
Axes           | 3 4 5 6 8 9 10 12 13 14 18 | 18.0
Fighting       | 4 5 7 10 15 19 20 21 22 24 26 27 | 27.0
Invocations    | 3 5 7 10 12 | 12.0
Armour         | 6 10 11 12 13 15 16 17 18 20 23 | 23.7
Dodging        | 3 5 9 10 11 12 13 14 15 16 17 19 | 19.8
Evocations     | 5 10 12 | 12.0
Throwing       | 10 11 12 | 12.0
Shields        | 13 16 17 18 19 20 | 20.0

Action                   |  1- 3 |  4- 6 |  7- 9 | 10-12 | 13-15 | 16-18 | 19-21 | 22-24 || total
-------------------------+-------+-------+-------+-------+-------+-------+-------+-------++-------
Melee: War axe           |    75 |    77 |   233 |   227 |   349 |       |       |       ||   961
       Headbutt          |     6 |    13 |    45 |   108 |   297 |   391 |   436 |   408 ||  1704
       Broad axe         |       |       |       |   296 |   827 |  1406 |  1484 |  1269 ||  5282
Throw: Dart              |       |       |       |    16 |    14 |     5 |       |       ||    35
       Boomerang         |       |       |       |       |       |    59 |       |       ||    59
       Javelin           |       |       |       |       |       |     3 |     8 |    28 ||    39
Invok: Heroism           |       |       |     1 |     6 |     9 |    14 |     9 |     9 ||    48
       Finesse           |       |       |       |     6 |    10 |    16 |     9 |    13 ||    54
       Duel              |       |       |       |       |       |     2 |     1 |       ||     3
Evoke: Wand              |       |       |       |       |       |     1 |       |     1 ||     2
       Condenser vane    |       |       |       |       |       |       |       |     1 ||     1
  Use: Scroll            |       |     4 |    13 |     7 |     6 |     8 |     3 |    17 ||    58
       Potion            |       |       |       |     3 |       |    14 |     2 |     7 ||    26
 Stab: Petrified         |       |       |       |       |     4 |       |       |       ||     4
       Confused          |       |       |       |       |       |     5 |       |       ||     5
       Invisible         |       |       |       |       |       |       |       |     6 ||     6
Armor: Scale mail        |    53 |    29 |    90 |    15 |       |       |       |       ||   187
       Plate armour      |       |       |       |   271 |   502 |   968 |    78 |       ||  1819
       Storm dragon scal |       |       |       |       |       |       |   343 |       ||   343
       Gold dragon scale |       |       |       |       |       |       |   137 |   450 ||   587
Dodge: Dodged            |    42 |    27 |   100 |   219 |   304 |   516 |   332 |   319 ||  1859
Block: Buckler           |    14 |    19 |    81 |   166 |   496 |   135 |       |       ||   911
       Reflection        |       |       |       |       |    22 |   112 |    44 |    21 ||   199
       Tower shield      |       |       |       |       |       |  1541 |  1437 |  1141 ||  4119
